 Dungeon Crawl Stone Soup version 0.25.0-11-g1f837a76a1 (webtiles) character file.

Game seed: 16249910910170540403

14261 Aviak the Fighter (level 11, -7/92 HPs)
             Began as a Demonspawn Ice Elementalist on June 24, 2020.
             Was a Priest of Vehumet.
             Mangled by an earth elemental (24 damage)
             ... in a volcano.
             The game lasted 00:24:03 (13957 turns).

Aviak the Fighter (Demonspawn Ice Elementalist)    Turns: 13957, Time: 00:24:04

Health: -7/92      AC: 10    Str: 15    XL:     11   Next: 86%
Magic:  4/15       EV: 19    Int: 24    God:    Vehumet [***...]
Gold:   723        SH:  0    Dex: 17    Spells: 3/16 levels left

rFire    + . .     SeeInvis .   s - +1 spear of Valiance {venom, Int+4}
rCold    x . .     Gourm    .   (no shield)
rNeg     + . .     Faith    .   n - +2 leather armour of Prudence {Str+2}
rPois    +         Spirit   .   (helmet restricted)
rElec    .         Reflect  .   E - +1 cloak of Tigaciuz {Str+5}
rCorr    .         Harm     .   (no gloves)
MR       .....                  (no boots)
Stlth    +++.......             B - amulet of the acrobat
HPRegen  0.25/turn              L - ring "Afip" {rPois rN+ Dex+3}
MPRegen  0.14/turn              q - ring of fire

@: mighty
A: antennae 1, thin metallic scales 2, nightstalker 1, powered by pain 1
a: Renounce Religion


You were in a volcano.
You worshipped Vehumet.
Vehumet was most pleased with you.
You were not hungry.

You visited 3 branches of the dungeon, and saw 15 of its levels.
You also visited: Volcano.

You collected 723 gold pieces.

Inventory:

Hand Weapons
 j - a +1 spear of venom
 s - the +1 spear of Valiance (weapon) {venom, Int+4}
   (You found it on level 4 of the Dungeon)

   It poisons the flesh of those it strikes.
   It affects your intelligence (+4).
 O - the cursed +2 quarterstaff of Focus {vorpal, rPois}
   (You found it on level 13 of the Dungeon)

   It inflicts extra damage upon your enemies.
   It protects you from poison.
   It has a curse placed upon it.
Armour
 n - the +2 leather armour of Prudence (worn) {Str+2}
   (You found it on level 4 of the Dungeon)

   It affects your strength (+2).
 C - a +0 helmet
 E - the +1 cloak of Tigaciuz (worn) {Str+5}
   (You found it on level 8 of the Dungeon)

   It affects your strength (+5).
Jewellery
 p - an uncursed amulet of faith {!P}
 q - a ring of fire (right hand)
 B - an amulet of the acrobat (around neck)
 I - an uncursed ring of stealth
 J - an uncursed ring of resist corrosion
 L - the ring "Afip" (left hand) {rPois rN+ Dex+3}
   (You found it on level 13 of the Dungeon)

   [ring of poison resistance]

   It affects your dexterity (+3).
   It protects you from poison.
   It protects you from negative energy.
Wands
 k - a wand of polymorph (9)
 o - a wand of paralysis (19)
 y - a wand of flame (11)
 K - a wand of acid (1)
Scrolls
 b - 2 scrolls of enchant armour {unknown}
 d - a scroll of holy word {unknown}
 g - 2 scrolls of magic mapping
 i - 3 scrolls of identify
 r - 2 scrolls of remove curse
 t - a scroll of teleportation
 v - 3 scrolls of immolation
 w - 4 scrolls of random uselessness {unknown}
 A - 3 scrolls of amnesia {unknown}
 F - a scroll of fear {unknown}
 G - a scroll of enchant weapon {unknown}
 H - 2 scrolls of fog {unknown}
Potions
 a - a potion of degeneration {unknown}
 f - a potion of haste
 h - a potion of berserk rage
 l - a potion of stabbing
 m - 2 potions of might
 u - a potion of lignification {unknown}
 x - a potion of resistance {unknown}
 z - 3 potions of brilliance {unknown}
 D - 3 potions of flight
 M - a potion of magic
Comestibles
 e - 16 rations


   Skills:
 + Level 10.5 Fighting
 - Level 6.0 Polearms
 + Level 9.8 Dodging
 - Level 1.7 Stealth
 - Level 3.0 Spellcasting
 + Level 6.7 Conjurations
 - Level 8.0 Ice Magic


You had 3 spell levels left.
You knew the following spells:

 Your Spells              Type           Power        Failure   Level  Hunger
a - Freeze                Ice            ####         1%          1    None
b - Frozen Ramparts       Ice            #####.       1%          3    ###....
c - Ozocubu's Armour      Chrm/Ice       ###.....     8%          3    ###....
d - Hailstorm             Conj/Ice       #####...     1%          4    ####...
e - Searing Ray           Conj           #####.       1%          2    ##.....

Your spell library contained the following spells:

 Spells                   Type           Power        Failure   Level  Hunger
 Fulminant Prism          Conj/Hex       ###.......   9%          4    ####...
 Shock                    Conj/Air       ###.         1%          1    None
 Static Discharge         Conj/Air       ###.....     2%          3    ###....
 Inner Flame              Hex/Fire       #.......     11%         3    ###....
 Corona                   Hex            #......      13%         1    None
 Slow                     Hex            #.......     21%         2    ##.....
 Swiftness                Chrm/Air       #.......     21%         2    ##.....
 Confusing Touch          Hex            #.......     36%         3    ###....
 Gell's Gravitas          Tloc           #.........   36%         3    ###....
 Portal Projectile        Hex/Tloc       #.....       36%         3    ###....
 Lightning Bolt           Conj/Air       ###.......   24%         5    ######.
 Summon Ice Beast         Ice/Summ       ###.....     26%         4    ####...
 Airstrike                Air            #.........   32%         4    ####...
 Metabolic Englaciation   Hex/Ice        ###.......   56%         5    ######.
 Yara's Violent Unravell  Hex/Tmut       #.........   63%         5    ######.
 Cause Fear               Hex            #.........   78%         4    ####...
 Leda's Liquefaction      Hex/Erth       #.........   78%         4    ####...
 Petrify                  Tmut/Erth      #.......     78%         4    ####...


Dungeon Overview and Level Annotations

Branches:
Dungeon (13/15)            Temple (1/1) D:5            Lair (1/6) D:8
    Orc (0/2) D:9         Volcano (1/1)
 Vaults: D:13-14

Altars:
Ashenzari
Cheibriados
Dithmenos
Elyvilon
Fedhas
Gozag
Hepliaklqana
Kikubaaqudgha
Makhleb
Nemelex Xobeh
Okawaru
Qazlal
Ru
Sif Muna
Trog
Uskayaw
Vehumet
Wu Jian
Xom
Yredelemnul
Zin
The Shining One

Shops:
D:10 :

Annotations:
D:5 2 transporters


Innate Abilities, Weirdness & Mutations

You have a pair of small antennae on your head.
You are mostly covered in thin metallic scales. (AC +3)
You are slightly more attuned to the shadows.
You sometimes gain a little power by taking damage.


Message History

The earth elemental is almost destroyed.
The earth elemental hits you!!
* * * LOW HITPOINT WARNING * * *
You focus on the pain.
You feel very mighty all of a sudden.
Your icy armour cracks and falls away as you move.
You feel better.
Evoke which item? (* to show all) (? for menu, Esc to quit)
Aiming: Corrosive Bolt
Press: ? - help, Shift-Dir - straight line, f/p - earth elemental
Aim: an earth elemental (almost destroyed, covered in acid)
The bolt of acid hits the earth elemental but does no damage.
The earth elemental is heavily damaged.
The bolt of acid hits the earth elemental!
The earth elemental is splashed with acid.
The earth elemental seems to be corroded for longer.
You destroy the earth elemental!
Vehumet accepts your kill.
You feel your power returning. The earth elemental hits you!!
You die...

#### ######..####
##..........##
..§..≈≈§.....###
.§§≈§≈≈≈§.....8#######+##
≈≈≈§§≈≈≈≈....(..@E.(.....
≈§§§≈≈§≈≈§....8####......
≈≈≈§§§§§§≈≈...## ......
≈≈≈≈≈≈≈≈≈≈§...# ......
≈≈≈≈§§≈≈≈§§≈... .#...#
§§≈§§≈≈≈≈§S§§... .#...#
§§≈ ≈≈§§§§§§.... .# _.#
≈§ §≈§≈≈≈≈....# ≈
§≈S.≈....#


You could see an earth elemental and a lava snake (asleep).

Vanquished Creatures
  A stone giant (Volcano)
  A two-headed ogre (D:11)
  Erica (D:9)
  A skeletal warrior (D:10)
  An unseen horror (D:6)
  Pikel (D:4)
  2 ugly things (D:11)
  A cyclops (D:11)
  A deep elf mage (D:12)
  A spiny frog (Lair:1)
  A komodo dragon (Lair:1)
  A hippogriff (D:10)
  Sigmund (D:4)
  A wyvern (D:11)
  A wraith (D:10)
  4 fire bats (Volcano)
  5 yaks (D:11)
  6 humans
  4 hogs (D:7)
  A hungry ghost (D:8)
  A fire elemental (Volcano)
  Menkaure (D:7)
  Duvessa (D:6)
  2 ice beasts (D:8)
  3 orc warriors
  A slave (D:4)
  A hornet zombie (D:7)
  A sky beast (D:7)
  2 black bears (D:8)
  An eye of draining (D:9)
  3 ogres
  3 phantoms
  6 centaurs
  A big kobold (D:10)
  An earth elemental (Volcano)
  4 bullfrogs
  A water moccasin zombie (D:12)
  7 scorpions
  Dowan (D:6)
  5 killer bees (D:13)
  An electric eel (D:7)
  3 howler monkeys
  2 lava snakes (Volcano)
  2 crimson imps
  2 bullfrog zombies
  A centaur zombie (D:11)
  A quasit (D:9)
  6 hounds
  2 bullfrog skeletons
  A gnoll shaman (D:5)
  3 orc priests
  3 jellies
  3 orc wizards
  5 iguanas
  9 worker ants
  A killer bee zombie (D:4)
  2 hound skeletons
  A howler monkey zombie (D:7)
  4 gnolls (D:5)
  A worker ant zombie (D:7)
  18 adders
  2 shadow imps (D:8)
  2 oozes
  An adder zombie (D:8)
  3 adder skeletons
  4 worms
  3 dart slugs
  4 leopard geckos
  23 orcs
  2 ball pythons
  4 giant cockroaches
  7 goblins
  3 hobgoblins
  9 jackals
  17 kobolds
  7 quokkas
  5 bats
  6 frilled lizards
  A leopard gecko zombie (D:7)
  A quokka skeleton (D:4)
  9 rats
266 creatures vanquished.

Vanquished Creatures (others)
  A hound (D:4)
  An orc wizard (D:6)
  3 adders (D:4)
  A worm (D:4)
  A leopard gecko (D:4)
  3 orcs (D:4)
  A jackal (D:4)
  2 leopard gecko skeletons (D:4)
13 creatures vanquished.

Grand Total: 279 creatures vanquished

Notes
Turn   | Place    | Note
-------+----------+-------------------------------------------
     0 | D:1      | Aviak the Demonspawn Ice Elementalist began the quest for
                  | the Orb.
     0 | D:1      | Reached XP level 1. HP: 13/13 MP: 3/3
   213 | D:1      | Gained mutation: You sometimes gain a little power by
                  | taking damage. [demonic ancestry]
   213 | D:1      | Reached XP level 2. HP: 20/20 MP: 3/5
   504 | D:1      | Reached skill level 1 in Fighting
   952 | D:1      | Gained mutation: You are slightly more attuned to the
                  | shadows. [demonic ancestry]
   952 | D:1      | Reached XP level 3. HP: 26/26 MP: 4/6
  1111 | D:1      | You fall into a shaft and drop 1 floor!
  1225 | D:2      | Learned a level 3 spell: Frozen Ramparts
  1380 | D:2      | Found a glowing golden altar of the Shining One.
  1663 | D:2      | Found a basalt altar of Yredelemnul.
  1668 | D:2      | Found a faded altar of an unknown god.
  1769 | D:2      | Reached XP level 4. HP: 18/32 MP: 2/7
  2259 | D:2      | Found a hazy altar of Hepliaklqana.
  2260 | D:2      | Found a shadowy altar of Dithmenos.
  2260 | D:2      | Noticed a shadow
  2774 | D:3      | Reached skill level 2 in Fighting
  2991 | D:3      | Gained mutation: You are partially covered in thin metallic
                  | scales. (AC +2) [demonic ancestry]
  2991 | D:3      | Reached XP level 5. HP: 15/38 MP: 5/9
  3557 | D:4      | Got an ichor-stained leather armour
  3568 | D:4      | Identified the +2 leather armour of Prudence {Str+2} (You
                  | found it on level 4 of the Dungeon)
  3720 | D:4      | Noticed Pikel
  3720 | D:4      | Noticed a slave
  3720 | D:4      | Noticed a slave
  3720 | D:4      | Noticed a slave
  3720 | D:4      | Noticed a slave
  3728 | D:4      | Killed a slave
  3745 | D:4      | Killed Pikel
  3745 | D:4      | Reached skill level 4 in Fighting
  3745 | D:4      | Reached skill level 5 in Ice Magic
  3745 | D:4      | Reached XP level 6. HP: 48/48 MP: 4/10
  3745 | D:4      | Reached XP level 7. HP: 54/54 MP: 4/11
  4180 | D:4      | Got a transparent spear
  4181 | D:4      | Identified the cursed +1 spear of Valiance {venom, Int+4}
                  | (You found it on level 4 of the Dungeon)
  4512 | D:4      | Noticed Sigmund
  4576 | D:4      | Killed Sigmund
  4576 | D:4      | Reached skill level 1 in Polearms
  4576 | D:4      | Reached XP level 8. HP: 40/61 MP: 6/12
  4754 | D:4      | You fall into a shaft and drop 2 floors!
  4758 | D:6      | Reached skill level 5 in Dodging
  4759 | D:6      | Reached skill level 5 in Fighting
  4980 | D:5      | Entered Level 5 of the Dungeon
  5345 | D:5      | Found a transporter.
  5384 | D:5      | Found a staircase to the Ecumenical Temple.
  5407 | Temple   | Entered the Ecumenical Temple
  5570 | Temple   | Became a worshipper of Vehumet
  5637 | D:5      | Found a transporter.
  6563 | D:6      | Noticed Dowan
  6564 | D:6      | Noticed Duvessa
  6575 | D:6      | Killed Dowan
  6575 | D:6      | Reached skill level 6 in Fighting
  6581 | D:6      | Killed Duvessa
  6581 | D:6      | Reached XP level 9. HP: 39/69 MP: 13/13
  6587 | D:6      | Learned a level 4 spell: Hailstorm
  6591 | D:6      | Learned a level 3 spell: Ozocubu's Armour
  7077 | D:6      | Killed an unseen horror
  7077 | D:6      | Reached skill level 7 in Fighting
  7516 | D:7      | Reached * piety under Vehumet
  7516 | D:7      | Offered knowledge of Magic Dart by Vehumet.
  7838 | D:7      | Reached skill level 5 in Polearms
  7880 | D:7      | Noticed Menkaure
  7892 | D:7      | Killed Menkaure
  8159 | D:7      | Gained mutation: You are mostly covered in thin metallic
                  | scales. (AC +3) [demonic ancestry]
  8159 | D:7      | Reached XP level 10. HP: 62/79 MP: 14/14
  8974 | D:8      | Found a shattered altar of Ashenzari.
  8992 | D:8      | Got a steaming cloak
  9008 | D:8      | Identified the +1 cloak of Tigaciuz {Str+5} (You found it
                  | on level 8 of the Dungeon)
  9191 | D:8      | Found an ancient bone altar of Kikubaaqudgha.
  9192 | D:8      | Found a shimmering altar of Xom.
  9193 | D:8      | Found a shimmering blue altar of Sif Muna.
  9200 | D:8      | Reached skill level 8 in Fighting
  9201 | D:8      | Offered knowledge of Searing Ray by Vehumet.
  9298 | D:8      | Reached ** piety under Vehumet
  9423 | D:8      | Learned a level 2 spell: Searing Ray
  9580 | D:8      | Reached skill level 1 in Conjurations
  9749 | D:8      | Found a staircase to the Lair.
 10292 | D:9      | Found a staircase to the Orcish Mines.
 10483 | D:9      | Noticed Erica
 10496 | D:9      | Killed Erica
 10629 | D:9      | Got a shimmering rapier
 10630 | D:9      | Identified the +6 rapier "Reedous" {vorpal, rF+ Dex+3 SInv}
                  | (You found it on level 9 of the Dungeon)
 10663 | D:9      | Found an iron altar of Okawaru.
 10671 | D:9      | Found a snail-covered altar of Cheibriados.
 10893 | D:9      | Offered knowledge of Conjure Flame by Vehumet.
 11034 | D:10     | Entered Level 10 of the Dungeon
 11818 | D:10     | Found Voptiwa's Book Boutique.
 11875 | D:11     | Reached skill level 9 in Fighting
 11886 | D:11     | Gained mutation: You have a pair of small antennae on your
                  | head. [demonic ancestry]
 11886 | D:11     | Reached XP level 11. HP: 85/89 MP: 4/15
 11888 | D:11     | Reached *** piety under Vehumet
 11904 | D:11     | Noticed a two-headed ogre
 11915 | D:11     | Noticed a skeletal warrior
 11915 | D:11     | Noticed a skeletal warrior
 12190 | D:11     | Noticed a skeletal warrior
 12348 | D:10     | Found a stormy altar of Qazlal.
 12640 | D:11     | HP: 3/89 [cyclops/large rock (19)]
 12646 | D:11     | Noticed a skeletal warrior
 12647 | D:11     | Noticed a cyan ugly thing
 12653 | D:11     | You are sucked into a shaft and drop 2 floors!
 12902 | D:13     | Got a brightly glowing quarterstaff
 12903 | D:13     | Identified the cursed +2 quarterstaff of Focus {vorpal,
                  | rPois} (You found it on level 13 of the Dungeon)
 12995 | D:13     | Got a faintly glowing lead ring
 12997 | D:13     | Identified the ring "Afip" {rPois rN+ Dex+3} (You found it
                  | on level 13 of the Dungeon)
 13139 | D:12     | Noticed a deep elf mage
 13149 | D:12     | Killed a deep elf mage
 13149 | D:12     | Offered knowledge of Fulminant Prism by Vehumet.
 13190 | D:11     | Noticed a brown ugly thing
 13197 | D:11     | Killed a brown ugly thing
 13216 | D:11     | Reached skill level 5 in Conjurations
 13339 | D:11     | Killed a two-headed ogre
 13442 | D:11     | Killed a cyan ugly thing
 13581 | D:10     | Killed a skeletal warrior
 13581 | D:10     | Reached skill level 10 in Fighting
 13754 | Lair:1   | Entered Level 1 of the Lair of Beasts
 13807 | Lair:1   | Found a dark tunnel.
 13822 | Volcano  | Entered a volcano
 13925 | Volcano  | Noticed a stone giant
 13926 | Volcano  | Found a bloodstained altar of Trog.
 13938 | Volcano  | Killed a stone giant
 13957 | Volcano  | Mangled by an earth elemental

Illustrated notes

Levels and vault maps discovered:
D:1:      shiori_arrival_oz, layout_loops_ring, wad_floor_pattern_1
D:2:      layout_loops_cross, riverfiend_overflow_shadow_ancestor,
          overflow_temple_1_default, tso_oasis_becter,
          chequers_ecumenical_altar_simple
D:3:      layout_loops_ring
D:4:      layout_loops_ring, uniq_pikel, uniq_sigmund
D:5:      gammafunk_wand_slinger, layout_loops_ring, minmay_temple_entry_grid,
          first_ration, minmay_fractal_squares_diagonal_5
D:6:      layout_loops_cross, minmay_ruffians, uniq_duvessa
D:7:      layout_rooms, grunt_livestock, kennysheep_minor_cross, uniq_menkaure
D:8:      layout_cave_pods, grunt_temple_overflow_open, lair_entry_dummy
D:9:      layout_big_octagon, minitemple, orc_0_dummy, hangedman_decor_lopped,
          uniq_erica
D:10:     layout_basic, basic_altar, serial_shops, nicolae_shop_behind_doors
D:11:     layout_cave_pools
D:12:     layout_rooms, ploomutoo_gammafunk_ghost_potion_laboratory
D:13:     layout_grid_maze, grunt_vaults_entry_tiered, nicolae_ru_awakened_eye,
          uniq_urug
Temple:   nicolae_temple_hex_pool
Lair:1:   gammafunk_cloud_chamber, layout_gridlike,
          nicolae_volcano_entry_s_turn, st_stairs_12, uniq_fannar
Volcano:  volcano_grotto [vgs_statue_spotlight]

Skill      XL: |  1  2  3  4  5  6  7  8  9 10 11 |
---------------+----------------------------------+-----
Dodging        | 2 4 5 7 8 9 |  9.8
Fighting       | 1 2 4 6 7 9 10 | 10.5
Ice Magic      | 4 5 6 7 8 |  8.0
Spellcasting   | 3 |  3.0
Polearms       | 1 3 5 6 |  6.0
Conjurations   | 3 6 |  6.7
Stealth        | |  1.7

Action                   |  1- 3 |  4- 6 |  7- 9 | 10-12 || total
-------------------------+-------+-------+-------+-------++-------
Melee: Unarmed           |    58 |     7 |       |       ||    65
       Spear             |       |    78 |   287 |   515 ||   880
 Cast: Freeze            |    56 |    24 |     5 |    12 ||    97
       Frozen Ramparts   |     1 |     6 |    23 |    30 ||    60
       Hailstorm         |       |       |       |    10 ||    10
       Ozocubu's Armour  |       |       |       |    15 ||    15
       Searing Ray       |       |       |       |    10 ||    10
Evoke: Wand              |       |       |       |     9 ||     9
  Use: Potion            |     2 |       |     2 |     6 ||    10
       Scroll            |       |     1 |     8 |     8 ||    17
 Stab: Sleeping          |       |     5 |    13 |    14 ||    32
       Distracted        |       |       |     1 |       ||     1
  Eat: Chunk             |     3 |     7 |    13 |    17 ||    40
       Ration            |       |       |     1 |     4 ||     5
Armor: Robe              |     7 |       |       |       ||     7
       Leather armour    |    25 |    22 |    56 |   104 ||   207
Dodge: Dodged            |    75 |    50 |   135 |   429 ||   689
